cohdb
Replays
Latest Replays
All Replays
Popular Replays
Top Player Replays
Match Explorer
How It Works
Community
CoH3 Stats
Reddit
Sign in to upload your games and track your stats! →
Sign in with Steam
Match 41501426
Unlisted
Match 41501426
Overview
Messages
Build Orders
End
Construct Section Command Post
Vickers Machine Gun Team
Selects Air and Sea Battlegroup
Infantry Section
Infantry Section
Infantry Section
Vickers Machine Gun Team
Construct Platoon Command Post
Selects Supply Surplus
Unlock M3 Stuart Light Tanks
M3 Stuart Light Tank
Construct Resource Cache
M3 Stuart Light Tank
Construct Resource Cache
Construct Resource Cache
Construct Resource Cache
Construct Company Command Post
Selects Commando Section Paradrop
Selects Commando Support Section Paradrop
Selects UNKNOWN (223837)
Commando Section Paradrop
Unlock M3 Grant Medium Tanks
M3 Grant Medium Tank
M3 Grant Medium Tank
Armored Vehicle Training
Construct Resource Cache
Selects Naval Bombardment
Naval Bombardment
M3 Grant Medium Tank
Construct Field Infirmary
Naval Bombardment
M3 Grant Medium Tank
Royal Engineer Section
Grenade Package
Infantry Section
Naval Bombardment
Selects Anti-tank Rocket Loiter
Construct Resource Cache
Anti-tank Rocket Loiter
M3 Grant Medium Tank
M3 Grant Medium Tank
Anti-tank Rocket Loiter
Construct Resource Cache
Jodelinio
Eberwurz
Ezapan
MuniekPL
Papa Shango
Husar
0
0
Comments
sign in to comment!
No comments posted yet!